 Dungeon Crawl Stone Soup version 0.30.1-1-g62c8e00024 (webtiles) character file.

Game seed: 6208454830568008969

25 Peloso the Shield-Bearer (level 2, 27/27 HPs)
             Began as a Minotaur Fighter on July 14, 2023.
             Got out of the dungeon alive.
             The game lasted 00:01:13 (731 turns).

Peloso the Shield-Bearer (Minotaur Fighter)          Turns: 731, Time: 00:01:14

Health: 27/27      AC:  7    Str: 20    XL:     2   Next: 86%
Magic:  1/1        EV:  9    Int:  5    God:
Gold:   50         SH:  8    Dex:  9    Spells: 1/1 levels left

rFire   . . .        a - +0 long sword
rCold   . . .        c - +0 buckler
rNeg    . . .        b - +0 scale mail
rPois   .            (helmet unavailable)
rElec   .            (no cloak)
rCorr   .            (no gloves)
SInv    .            (no boots)
Will    .....        (no amulet) Stlth
                     (no ring)
HPRegen 0.24/turn    (no ring)
MPRegen 0.07/turn

%: no passive effects
@: no status effects
A: horns 3, retaliatory headbutt, large bone plates 1
a: no special abilities


You escaped.
You visited 1 branch of the dungeon, and saw 1 of its levels.

You collected 50 gold pieces.

Inventory:

Hand Weapons
 a - a +0 long sword (weapon)
Armour
 b - a +0 scale mail (worn)
 c - a +0 buckler (worn)
Jewellery
 f - a ring of poison resistance
Scrolls
 h - a scroll of blinking {unknown}
 j - a scroll of enchant weapon {unknown}
 l - a scroll of noise {unknown}
 m - a scroll of enchant armour {unknown}
 n - 2 scrolls of amnesia {unknown}
 o - a scroll of poison {unknown}
Potions
 d - a potion of might
 i - a potion of attraction {unknown}
 k - a potion of degeneration {unknown}


   Skills:
 + Level 3.7 Fighting
 + Level 2.9 Long Blades
 + Level 4.0 Armour
 + Level 4.2 Shields


You had one spell level left.
You didn't know any spells.
Your spell library was empty.

Dungeon Overview and Level Annotations

Branches:
Dungeon (1/15)

Altars:


Innate Abilities, Weirdness & Mutations

You have a pair of large horns on your head.
You reflexively headbutt those who attack you in melee.
You are partially covered in large bone plates. (SH +4)


Message History

Your headbutt misses the giant cockroach.
The giant cockroach is severely wounded.
The giant cockroach misses you. The giant cockroach bites you.
You barely miss the giant cockroach.
Your headbutt misses the giant cockroach.
The giant cockroach is severely wounded.
The giant cockroach bites you.
You hit the giant cockroach.
The giant cockroach is almost dead.
You block the giant cockroach's attack.
The giant cockroach bites you but does no damage.
You hit the giant cockroach.
You kill the giant cockroach!
You see here a giant cockroach corpse.
A dart slug comes into view.
The dart slug launches a dart at you. You block the slug dart.
A dart slug is nearby!
A dart slug is nearby!
You hit the dart slug. You headbutt the dart slug.
You kill the dart slug!
Done exploring.
Done exploring.
Done exploring.
As you read the scroll labelled SOR YMEHAARR, it crumbles to dust.
The scroll dissolves into smoke.
It was a scroll of fog.
Unknown command.
It was a potion of mutation.
You feel extremely strange.
Large bone plates grow over parts of your arms.
The horns on your head grow some more.
(D) Dungeon
Where to? (? - help)
What level of the Dungeon? (default 1, ? - help)
Things that are here:
a +0 whip of electrocution; 4 stones; a kobold skeleton
There is an empty arch of ancient stone here.
There is a staircase leading out of the dungeon here.
There is a staircase leading out of the dungeon here.
Are you sure you want to leave the Dungeon?
This will make you lose the game!
You have escaped!

#♣......8.....###.#.
#..♣...........##..#
#............###....
#............∩.##..#
#............####..#
#♣............# #...
#.......♣....(# #...
#.............# ####
##.@..........######
##...........∩...##
##......♣...###...
#~........#####.#
###♣♣######.....#
#.##### #......
#####.. ###.#


There were no monsters in sight!

Vanquished Creatures
  A dart slug (D:1)
  3 ball pythons (D:1)
  2 endoplasms (D:1)
  3 giant cockroaches (D:1)
  2 goblins (D:1)
  2 hobgoblins (D:1)
  3 bats (D:1)
  A frilled lizard (D:1)
  3 kobolds (D:1)
  3 rats (D:1)
23 creatures vanquished.

Notes
Turn   | Place    | Note
-------+----------+-------------------------------------------
     0 | D:1      | Peloso the Minotaur Fighter began the quest for the Orb.
     0 | D:1      | Reached XP level 1. HP: 19/19 MP: 0/0
    76 | D:1      | Reached XP level 2. HP: 11/26 MP: 1/1
   656 | D:1      | Gained mutation: You are partially covered in large bone
                  | plates. (SH +4) [potion of mutation]
   656 | D:1      | Gained mutation: You have a pair of large horns on your
                  | head. [potion of mutation]
   731 | D:$      | Got out of the dungeon alive.

Illustrated notes

Levels and vault maps discovered:
D:1:      nzn_arrival_settlement, layout_basic, minivault_27,
          roderic_roman_lattice

Skill      XL: |  1  2 |
---------------+-------+-----
Shields        | 4 |  4.2
Armour         | 4 |  4.0
Fighting       | |  3.7
Long Blades    | |  2.9

Action                     || total
---------------------------++-------
  Melee: Long sword        ||    46
         Headbutt          ||     9
    Use: Scroll            ||     1
         Potion            ||     1
 Armour: Scale mail        ||    25
  Dodge: Dodged            ||    21
  Block: Buckler           ||     7
